AoeStats
← I'm AOE2 Noob

Arabia

503078802Analyzed
1v1 RM · 1mo ago on Aug 30, 2026· 16m 53s· 2 players
Game mode
Random Map
Map size
Tiny (2 player)
Population
200
Speed
Normal
Resources
Standard
Victory
Conquest
Starting age
Dark Age
Ending age
Imperial Age
RankedLock teamsTeams togetherTeam positionsShared explorationLock speedFull tech treeHidden civsTurbo modeCheats
Victory
Defeat
🇮🇹 Magyars · Italy
1616
+21
🇨🇳 Maya · China
1734
-21
I'm AOE2 Noob
0:29 Loom
9:31 Feudal Age
10:20 Double-Bit Axe
14:48 Wheelbarrow
15:48 Fletching
19:03 Castle Age
JeanLuc Petard
8:26 Loom
10:58 Feudal Age
14:54 Castle Age
Connection lost

Rejoining the realm…

Still unreachable

The connection could not be restored.

Session expired

The server has moved on; the page needs a fresh start.